Map: [ESL] Ancient Cistern

Players

MaSa - Winner!

  • Race: Terran Terran
  • Spawn Location: 1:00

DisK

  • Race: Protoss Protoss
  • Spawn Location: 7:00

Event: ESL SC2 Masters 2023 Summer (Regionals)

VOD

Have the link to the VOD?

Description

Time

  • Played on: May 14, 2023, 3:58 p.m.
  • Length: 12:47

All games in this series

Show
View Real Time Build Order
Export as new Build Order

MaSa Terran - Winner!

Build Orders: 2 Factory 

Get SALT Encoding   

  12  0:00  SCV  
  14  0:16  Supply Depot  
  14  0:17  SCV  
  14  0:29  SCV  
  15  0:38  Barracks  
  15  0:43  Refinery  
  15  0:46  SCV  
  16  0:54  Refinery  
  16  0:59  SCV  
  17  1:11  SCV  
  18  1:25  Orbital Command, Reaper  
  19  1:48  Factory  
  19  1:51  SCV, Supply Depot  
  20  2:00  Barracks Reactor  
  20  2:03  SCV  
  21  2:15  Factory  
  21  2:18  SCV  
  22  2:30  SCV  
  22  2:33  Widow Mine, Supply Depot  
  22  2:36  Marine x2  
  27  2:42  SCV  
  28  2:55  SCV  
  28  2:56  Marine x2  
  31  2:59  Factory Tech Lab  
  31  3:00  Factory Tech Lab  
  31  3:03  Supply Depot  
  34  3:20  Siege Tank  
  34  3:23  Siege Tank  
  34  3:25  Marine  
  38  3:28  Marine  
  39  3:39  Engineering Bay  
  39  3:44  Marine  
  39  3:49  SCV  
  39  3:53  Siege Tank  
  43  3:57  Siege Tank  
  46  4:04  Marine  
  46  4:08  Supply Depot  
  47  4:22  Bunker  
  46  4:24  Missile Turret  
  46  4:26  SCV  
  47  4:33  Siege Tank  
  45  4:44  Siege Tank  
  46  4:49  SCV  
  47  4:55  Marine x2  
  49  5:03  Missile Turret  
  49  5:10  Missile Turret  
  49  5:13  Marine  
  49  5:21  Siege Tank  
  52  5:29  Missile Turret  
  52  5:31  SCV  
  53  5:44  SCV  
  53  5:45  Starport  
  54  5:58  Supply Depot  
  54  6:08  Supply Depot  
  54  6:11  SCV  
  54  6:14  Marine x2  
  54  6:15  Siege Tank  
  51  6:23  SCV  
  42  6:30  Widow Mine  
  42  6:32  Marine x2  
  40  6:37  Starport Tech Lab  
  40  6:38  SCV  
  43  6:47  Barracks  
  43  6:51  Barracks  
  43  6:56  Raven  
  43  7:01  SCV  
  46  7:13  SCV  
  45  7:25  Command Center  
  45  7:35  Factory Reactor  
  45  7:37  Terran Infantry Weapons Level 1  
  45  7:38  SCV  
  45  7:39  Barracks Reactor  
  46  7:45  Liberator  
  49  7:52  Stimpack  
  49  7:55  SCV  
  49  7:57  Marine  
  51  8:10  SCV, Supply Depot  
  51  8:12  Barracks  
  52  8:22  SCV  
  52  8:26  Armory  
  53  8:28  Marine x2  
  53  8:29  Medivac  
  53  8:34  SCV  
  58  8:38  Marine  
  59  8:46  Marine x2, Missile Turret  
  61  8:54  SCV  
  62  8:56  Marine  
  63  9:03  Widow Mine  
  63  9:04  Marine x2  
  63  9:06  Widow Mine  
  69  9:14  Marine  
  69  9:15  Barracks Reactor  
  70  9:20  Orbital Command  
  70  9:22  Marine x2  
  72  9:25  Marine  
  73  9:32  Widow Mine  
  75  9:42  Supply Depot  
  75  9:43  Supply Depot  
  75  9:48  SCV x2  
  75  9:50  Starport Reactor  
  75  9:52  Medivac  
  76  9:53  Barracks Reactor  
  76  10:03  Widow Mine  
  76  10:04  Widow Mine  
  80  10:09  Marine  
  81  10:14  SCV  
  81  10:16  SCV  
  83  10:22  Refinery  
  83  10:25  Widow Mine x2  
  83  10:26  SCV, Refinery  
  88  10:28  Combat Shield  
  88  10:29  Marine x2  
  88  10:35  Marine  
  88  10:36  Supply Depot  
  88  10:39  Barracks Reactor  
  88  10:41  Marine  
  88  10:46  Widow Mine  
  88  10:47  Marine x2  
  92  10:53  Marine x2  
  92  10:56  Medivac  
  96  11:01  Marine  
  97  11:05  Marine x2  
  97  11:11  Widow Mine x2, Marine x2  
  101  11:15  Marine x2  
  105  11:19  Marine  
  105  11:23  Marine x2, Medivac  
  110  11:26  Medivac  
  110  11:29  Marine x2, Supply Depot  
  114  11:35  Marine  
  114  11:36  Marine  
  114  11:37  Marine  
  117  11:40  Marine  
  118  11:47  Supply Depot  
  118  11:49  Marine  
  118  11:51  Marine x2  
  118  11:53  Liberator  
  123  11:54  Marine x2  
  123  11:55  Marine  
  126  12:08  Marine x4  
  126  12:12  Marine  
  124  12:28  Marine x4  
  96  12:32  SCV  
Show
View Real Time Build Order
Export as new Build Order

DisK Protoss 

Build Orders: 1 Gate Expand, Zealot Archon, Dark Templar Rush 

Get SALT Encoding   

  12  0:00  Probe  
  13  0:12  Probe  
  14  0:17  Pylon  
  14  0:24  Probe  
  15  0:35  Gateway  
  15  0:36  Probe (Chrono Boost)  
  16  0:45  Probe (Chrono Boost)  
  16  0:46  Assimilator  
  17  0:50  Probe (Chrono Boost)  
  18  1:02  Probe  
  19  1:15  Probe  
  20  1:21  Cybernetics Core  
  20  1:22  Zealot  
  22  1:37  Nexus  
  22  1:43  Pylon  
  22  1:47  Probe  
  22  1:52  Assimilator  
  23  1:58  Stalker (Chrono Boost)  
  23  2:03  Probe  
  23  2:07  Warp Gate (Chrono Boost)  
  26  2:15  Probe  
  27  2:22  Adept (Chrono Boost)  
  27  2:27  Probe  
  30  2:39  Probe  
  30  2:41  Twilight Council  
  31  2:46  Shield Battery  
  31  2:51  Probe  
  31  2:54  Stalker  
  31  2:57  Probe  
  34  3:08  Shield Battery  
  34  3:12  Probe x2  
  36  3:20  Dark Shrine  
  36  3:24  Probe x2  
  38  3:33  Gateway  
  38  3:39  Probe x2  
  40  3:47  Gateway  
  40  3:51  Probe  
  41  3:57  Stalker  
  41  3:58  Probe  
  44  4:03  Shield Battery  
  44  4:05  Pylon  
  44  4:10  Shield Battery  
  44  4:21  Stalker  
  44  4:23  Shield Battery  
  43  4:28  Stalker  
  45  4:41  Dark Templar  
  39  4:48  Charge (Chrono Boost)  
  39  4:57  Zealot x2  
  39  4:58  Pylon x2  
  43  5:02  Gateway  
  42  5:10  Pylon  
  38  5:23  Zealot  
  38  5:24  Zealot x2  
  43  5:31  Pylon  
  43  5:43  Zealot  
  43  5:44  Zealot x2  
  43  5:46  Gateway  
  49  5:50  Shield Battery  
  49  5:57  Dark Templar  
  49  6:01  Zealot  
  53  6:06  Zealot x2  
  39  6:27  Zealot x3  
  39  6:29  Zealot  
  45  6:48  Nexus  
  45  6:51  Probe  
  46  7:06  Dark Templar  
  38  7:40  Dark Templar x2  
  42  7:44  Archon  
  42  7:47  Probe  
  43  7:57  Sentry  
  45  7:59  Probe  
  46  8:07  Probe  
  46  8:11  Dark Templar  
  46  8:12  Dark Templar  
  51  8:14  Sentry  
  52  8:20  Archon  
  52  8:22  Probe x2  
  52  8:26  Pylon  
  54  8:34  Probe  
  54  8:35  Probe  
  54  8:40  Phoenix  
  55  8:51  Nexus  
  55  8:53  Pylon  
  54  8:57  Zealot  
  54  8:59  Probe  
  54  9:01  Probe  
  58  9:14  Stalker x2  
  61  9:24  Probe x2  
  61  9:29  Robotics Facility  
  61  9:35  Zealot x2  
  61  9:36  Probe  
  66  9:39  Probe (Chrono Boost)  
  63  9:49  Probe (Chrono Boost)  
  63  9:51  Probe (Chrono Boost)  
  62  9:58  Probe (Chrono Boost)  
  62  9:59  Probe (Chrono Boost)  
  64  10:00  Templar Archives  
  64  10:02  Zealot  
  64  10:05  Probe  
  67  10:10  Shield Battery  
  67  10:13  Probe x2  
  63  10:16  Observer (Chrono Boost)  
  63  10:20  Probe (Chrono Boost)  
  63  10:21  Zealot  
  62  10:22  Psionic Storm  
  62  10:23  Zealot  
  62  10:25  Probe (Chrono Boost)  
  65  10:31  Probe (Chrono Boost)  
  68  10:35  Probe (Chrono Boost)  
  68  10:36  Probe (Chrono Boost)  
  68  10:37  Probe (Chrono Boost)  
  69  10:44  High Templar  
  69  10:46  Probe  
  69  10:48  Probe  
  73  10:50  Probe  
  73  10:54  Assimilator  
  74  10:58  Probe  
  74  11:00  Probe  
  74  11:02  Probe (Chrono Boost)  
  69  11:11  Probe (Chrono Boost)  
  69  11:12  Probe (Chrono Boost)  
  69  11:15  High Templar  
  69  11:17  Probe (Chrono Boost)  
  74  11:21  Probe (Chrono Boost)  
  74  11:23  Probe x2 (Chrono Boost)  
  75  11:29  Warp Prism  
  75  11:30  Probe  
  75  11:31  Probe  
  79  11:32  Probe  
  79  11:35  High Templar  
  82  11:42  Zealot x2  
  82  11:45  Probe x2  
  88  11:47  Probe  
  88  11:53  Zealot  
  88  11:54  Zealot  
  90  12:11  Zealot x3  
  82  12:28  Zealot x2  
  66  12:32  Archon  
  66  12:35  Zealot x3  
Tags
 
Add a new tag
Caveats
  • Supply blocks, unpowered buildings, or Contaminate may cause inaccurate times.
  • Supply counts are checked every 10 seconds.